 Dungeon Crawl Stone Soup version 0.27-a0-1378-gdefffd1ff6 (webtiles) character file.

Game seed: 16711004315973277491

57 Sabo the Chopper (level 3, 0/27 HPs)
             Began as a Demonspawn Gladiator on June 29, 2021.
             Slain by a gnoll (4 damage)
             ... on level 2 of the Dungeon on June 30, 2021.
             The game lasted 00:06:08 (1796 turns).

Sabo the Chopper (Demonspawn Gladiator)             Turns: 1796, Time: 00:06:08

Health: 0/27       AC: 11    Str: 15    XL:     3   Next: 73%
Magic:  3/3        EV: 10    Int:  9    God:
Gold:   75         SH:  0    Dex: 14    Spells: 2/2 levels left

rFire    . . .     SeeInvis .   a - +0 war axe
rCold    . . .     Faith    .   (no shield)
rNeg     . . .     Spirit   .   l - +0 plate armour
rPois    .         Reflect  .   c - +0 helmet
rElec    .         Harm     .   (no cloak)
rCorr    .         Rampage  .   (no gloves)
Will     .....                  (no boots)
Stlth    ..........             (no amulet)
HPRegen  0.09/turn              b - +4 ring of evasion
MPRegen  0.08/turn              (no ring)

@: mighty
A: powered by pain 1, sturdy frame 1
a: no special abilities


You were on level 2 of the Dungeon.
You visited 1 branch of the dungeon, and saw 2 of its levels.

You collected 75 gold pieces.

Inventory:

Hand Weapons
 a - a +0 war axe (weapon)
Missiles
 d - 3 throwing nets (quivered)
 k - 12 bolts
Armour
 c - a +0 helmet (worn)
 l - a +0 plate armour (worn)
Jewellery
 b - a +4 ring of evasion (left hand)
Scrolls
 h - 2 scrolls of identify {unknown}
 j - a scroll of holy word {unknown}
 m - a scroll of fog {unknown}
Potions
 e - a potion of curing
 f - a potion of heal wounds {unknown}
 g - a potion of flight {unknown}
 i - 2 potions of degeneration {unknown}


   Skills:
 + Level 2.2 Fighting
 + Level 3.6 Axes
 + Level 1.8 Throwing
 + Level 0.8 Armour
 + Level 3.0 Dodging


You had 2 spell levels left.
You didn't know any spells.
Your spell library was empty.

Dungeon Overview and Level Annotations

Branches:
Dungeon (2/15)

Altars:

Annotations:
D:2 1 runed translucent door


Innate Abilities, Weirdness & Mutations

You sometimes gain a little power by taking damage.
Your movements are slightly less encumbered by armour. (ER -2)


Message History

You hit the gnoll.
You kill the gnoll!
The gnoll hits you from afar with a +0 spear.
* * * LOW HITPOINT WARNING * * *
The gnoll hits you but does no damage.
The jackal bites you but does no damage.
You hit the jackal.
The jackal is moderately wounded.
The jackal barely misses you. The gnoll closely misses you.
The gnoll barely misses you.
A hobgoblin comes into view.
The jackal bites you but does no damage.
The gnoll barely misses you.
The gnoll hits you from afar with a +0 spear.
* * * LOW HITPOINT WARNING * * *
It was a potion of curing.
You feel better.
The hobgoblin shouts!
The jackal misses you.
The gnoll hits you but does no damage. x2
You barely miss the jackal.
The jackal is moderately wounded.
The jackal bites you but does no damage. x2
The gnoll hits you but does no damage.
The gnoll hits you from afar with a +0 spear.
* * * LOW HITPOINT WARNING * * *
You completely miss the jackal.
The jackal is moderately wounded.
The jackal barely misses you. x2; The gnoll hits you but does no damage.
The gnoll hits you from afar with a +0 spear.
* * * LOW HITPOINT WARNING * * *
You closely miss the jackal.
The jackal is moderately wounded.
The jackal misses you.
The gnoll hits you from afar with a +0 spear.
* * * LOW HITPOINT WARNING * * *
The gnoll hits you but does no damage. The jackal barely misses you.
You barely miss the jackal.
The jackal is moderately wounded.
The jackal bites you but does no damage.
The gnoll hits you from afar with a +0 spear.
You die...

## #$ ###. ...
#####.##################
#...ggh@................
......g#########...#....#
....... .......#....#
....... ...<....#.....
....... ...............
...#... ...............
....h.. ........#......
....... ........#....#.
.... #......


You could see 2 gnolls, a jackal and a hobgoblin.

Vanquished Creatures
  2 gnolls (D:2)
  An adder (D:2)
  2 worms (D:2)
  A dart slug (D:2)
  An endoplasm (D:1)
  2 giant cockroaches
  A goblin (D:1)
  2 hobgoblins
  4 jackals
  A quokka (D:2)
  A bat (D:2)
  A frilled lizard (D:2)
  A kobold (D:1)
  3 rats
23 creatures vanquished.

Notes
Turn   | Place    | Note
-------+----------+-------------------------------------------
     0 | D:1      | Sabo the Demonspawn Gladiator began the quest for the Orb.
     0 | D:1      | Reached XP level 1. HP: 16/16 MP: 1/1
   617 | D:1      | Gained mutation: You sometimes gain a little power by
                  | taking damage. [demonic ancestry]
   617 | D:1      | Reached XP level 2. HP: 22/22 MP: 2/2
  1448 | D:2      | Gained mutation: Your movements are slightly less
                  | encumbered by armour. (ER -2) [demonic ancestry]
  1448 | D:2      | Reached XP level 3. HP: 27/27 MP: 3/3
  1711 | D:2      | Found a runed translucent door.
  1796 | D:2      | Slain by a gnoll

Illustrated notes

Levels and vault maps discovered:
D:1:      dpeg_arrival_tiny_g, layout_basic
D:2:      layout_basic, uniq_crazy_yiuf_cottage, uniq_robin

Skill      XL: |  1  2  3 |
---------------+----------+-----
Axes           | 3 |  3.6
Dodging        | 3 |  3.0
Fighting       | |  2.2
Throwing       | |  1.8
Armour         | |  0.8

Action                   || total
-------------------------++-------
Melee: War axe           ||    93
  Use: Potion            ||     1
Armor: Leather armour    ||     9
       Ring mail         ||     8
       Plate armour      ||    43
Dodge: Dodged            ||    82

Table legend: (Time is in decaauts)
 A = Elapsed time spent in this place.
 B = Non-inter-level travel time spent in this place.
 C = Inter-level travel time spent in this place.
 D = Time resting spent in this place.
 E = Time spent auto-exploring this place.
 F = Levels seen in this place.
 G = Mean time per level.
                   A        B        C        D        E       F      G
               +--------+--------+--------+--------+--------+-----+--------+
         Total |   1827 |   1827 |      0 |    627 |      0 |   2 |  913.5 |
       Dungeon |   1827 |   1827 |      0 |    627 |      0 |   2 |  913.5 |
               +--------+--------+--------+--------+--------+-----+--------+

Top non-repeatable levels by time:
     D:1: 1020 daAuts
     D:2: 807 daAuts
